 Dungeon Crawl Stone Soup version 0.29-a0-221-gceb61267dd (webtiles) character file.

Game seed: 12283427203934937546

6905 Inarius the Grappler (level 10, -8/65 (66) HPs)
             Began as a Demonspawn Fighter on Feb 26, 2022.
             Was a Follower of Hepliaklqana.
             Mangled by a fire elemental (10 damage)
             ... summoned by a deep elf pyromancer
             ... on level 7 of the Dungeon.
             The game lasted 00:15:52 (8586 turns).

Inarius the Grappler (Demonspawn Fighter)           Turns: 8586, Time: 00:15:52

HP:   -8/65 (66)    AC: 21    Str: 20    XL:     10   Next: 79%
MP:   20/20         EV:  4    Int: 15    God:    Hepliaklqana [*.....]
Gold: 508           SH:  9    Dex: 11    Spells: 9/9 levels left

rFire   . . .      SeeInvis .     - Unarmed
rCold   . . .      Faith    .   l - +0 kite shield
rNeg    + . .      Spirit   .   c - +0 plate armour
rPois   .          Reflect  .   (helmet restricted)
rElec   +          Harm     .   h - +0 cloak
rCorr   .          Rampage  .   (no gloves)
Will    .....                   j - +2 pair of boots
Stlth   ..........              (no amulet)
HPRegen 0.20/turn               u - ring of positive energy
MPRegen 0.17/turn               B - ring of the Lich-sworn {Fly rElec MP+9 AC+4 Int+5 Dex-2}

@: mighty, about to teleport, flying, studying Maces & Flails, lightly drained
A: reduced essence, claws 2, horns 1, spiny 2
a: Renounce Religion, Recall Ancestor, Ancestor Identity


You were on level 7 of the Dungeon.
You worshipped Hepliaklqana.
Hepliaklqana was aware of your devotion.
You visited 2 branches of the dungeon, and saw 8 of its levels.
You also visited: Ossuary.

You collected 739 gold pieces.
You spent 231 gold pieces at shops.

Inventory:

Hand Weapons
 t - a +1 whip of electrocution
 A - the +2 morningstar of the Warrior {venom, Str+6}
   (You bought it in a shop on level 7 of the Dungeon)

   It poisons the flesh of those it strikes.
   Str:       It affects your strength (+6).
Armour
 c - a +0 plate armour (worn)
 h - a +0 cloak (worn)
 j - a +2 pair of boots (worn)
 l - a +0 kite shield (worn)
 w - a +2 ring mail of poison resistance
Jewellery
 k - a ring of fire
 m - a ring of flight
 u - a ring of positive energy (left claw)
 x - a ring of magical power
 B - the ring of the Lich-sworn (right claw) {Fly rElec MP+9 AC+4 Int+5 Dex-2}
   (You took it off an orc wizard on level 7 of the Dungeon)

   [ring of protection]

   AC:        It affects your AC (+4).
   Int:       It affects your intelligence (+5).
   Dex:       It affects your dexterity (-2).
   rElec:     It insulates you from electricity.
   MP:        It affects your magic capacity (+9).
   Fly:       It grants you flight.
Scrolls
 a - a scroll of immolation {unknown}
 b - a scroll of vulnerability {unknown}
 e - a scroll of noise
 n - 2 scrolls of teleportation
 r - a scroll of magic mapping {unknown}
 s - 2 scrolls of enchant armour {unknown}
 y - a scroll of amnesia {unknown}
 z - a scroll of brand weapon {unknown}
 C - a scroll of blinking {unknown}
Potions
 d - a potion of might
 f - 5 potions of brilliance
 g - 5 potions of curing
 i - 2 potions of heal wounds {unknown}
 o - a potion of ambrosia {unknown}
 p - 2 potions of degeneration {unknown}
 q - 2 potions of invisibility {unknown}
 v - 2 potions of mutation {unknown}


   Skills:
 + Level 5.3 Fighting
 + Level 0.1 Short Blades
 + Level 0.1 Long Blades
 - Level 5.5 Axes
 + Level 0.1 Staves
 + Level 0.4(0.7) Slings
 + Level 0.1 Bows
 + Level 0.8 Crossbows
 + Level 0.8(1.0) Throwing
 + Level 6.8 Armour
 + Level 5.6 Shields
 * Level 10.2 Unarmed Combat
 + Level 0.1 Conjurations
 + Level 0.1 Hexes
 + Level 0.2 Summonings
 + Level 0.1 Necromancy
 + Level 0.1 Translocations
 + Level 0.1 Transmutations
 + Level 0.1 Fire Magic
 + Level 0.1 Ice Magic
 + Level 0.1 Air Magic
 + Level 0.3 Earth Magic
 + Level 0.2 Poison Magic
 * Level 2.0 Invocations
 + Level 3.0 Evocations


You had 9 spell levels left.
You didn't know any spells.
Your spell library contained the following spells:

 Spells                   Type           Power      Damage    Failure   Level
 Shock                    Conj/Air       0%         1d3       100%        1
 Corpse Rot               Necr/Air       0%         N/A       100%        2
 Poisonous Vapours        Pois/Air       0%         N/A       100%        2
 Frozen Ramparts          Ice            0%         1d2       100%        3
 Swiftness                Air            0%         N/A       100%        3
 Airstrike                Air            0%         N/A       100%        4
 Animate Armour           Summ/Erth      0%         N/A       100%        4
 Ice Form                 Ice/Tmut       0%         N/A       100%        4
 Iskenderun's Mystic Bla  Conj/Tloc      0%         2d3       100%        4
 Summon Ice Beast         Ice/Summ       0%         N/A       100%        4


Dungeon Overview and Level Annotations

Branches:
Dungeon (7/15)             Temple (1/1) D:7         Ossuary (visited)

Altars:
Ashenzari
Cheibriados
Gozag
Hepliaklqana
Kikubaaqudgha
Nemelex Xobeh
Okawaru
Ru
Sif Muna
Uskayaw
Vehumet
Wu Jian
Xom
Yredelemnul
Zin
The Shining One

Shops:
D:2 :   D:6 (   D:7 *


Innate Abilities, Weirdness & Mutations

Your life essence is reduced to manifest your ancestor. (-10% HP)
You have very sharp fingernails.
You have a pair of small horns on your head.
You are mostly covered in sharp spines.


Message History

There is an open door here.
Found a leather armour.
Ammiditana hits the deep elf pyromancer but does no damage.
The deep elf pyromancer points at you and mumbles some strange words.
The bolt of fire hits Ammiditana!
Ammiditana resists.
The bolt of fire hits you.
Ammiditana hits the deep elf pyromancer.
The deep elf pyromancer barely misses Ammiditana.
Ammiditana closely misses the deep elf pyromancer.
The deep elf pyromancer hits Ammiditana with a +2 long sword of draining!
Ammiditana misses the deep elf pyromancer.
You scratch the deep elf pyromancer.
The deep elf pyromancer is lightly wounded.
Ammiditana closely misses the deep elf pyromancer.
The deep elf pyromancer gestures wildly while chanting.
You feel very mighty all of a sudden.
Ammiditana hits the deep elf pyromancer but does no damage.
The fire elemental is struck by your spines.
The fire elemental hits you. The fire elemental burns you!
The deep elf pyromancer is struck by your spines.
The deep elf pyromancer hits you with a +2 long sword of draining.
You partially resist.
You feel drained.
You barely miss the deep elf pyromancer.
The deep elf pyromancer is lightly wounded.
Ammiditana hits the deep elf pyromancer but does no damage.
The fire elemental is struck by your spines.
The fire elemental hits you. The fire elemental burns you!
* * * LOW HITPOINT WARNING * * *
The fire elemental hits you. The fire elemental burns you!
* * * LOW HITPOINT WARNING * * *
You block the deep elf pyromancer's attack.
Okay, then.
Unknown command.
Okay, then.
Unknown command.
As you read the scroll of teleportation, it crumbles to dust.
You feel strangely unstable. The fire elemental hits you.
The fire elemental burns you!
You die...

..............#..[..#
......#########.....#
......#.............#
......#.............#
......#.............#
......#.............#
......#.............#
......#......##.....#
......#......##.@E..#
......#.......#ReE..#
......#.......#.°...#
......#.......#.....#
......#...)...'.....#
......#<......#.....#
......#.......#.....#
......#########.....#
.......#.....##.....#


You could see the friendly Ammiditana the ancestor, a deep elf pyromancer (ally
target) and 2 fire elementals.

Vanquished Creatures
  4 two-headed ogres
  A cyclops (D:7)
  An unseen horror (D:7)
  A troll (D:6)
  2 shadows (D:7)
  A basilisk (D:7)
  Menkaure (D:5)
  A water moccasin (D:7)
  Edmund (D:6)
  An orc warrior (D:7)
  3 black bears
  2 ice beasts
  2 sky beasts
  3 necrophages
  2 ogres
  5 centaurs (D:7)
  2 elf zombies (Ossuary)
  A phantom (D:4)
  4 bullfrogs (D:7)
  A scorpion (D:7)
  A wight (D:7)
  2 human zombies (Ossuary)
  2 hounds
  A jelly (D:7)
  2 orc priests
  A gnoll shaman (D:4)
  7 iguanas
  4 orc wizards
  2 mummies (Ossuary)
  Robin (D:2)
  15 gnolls
  7 adders
  4 shadow imps
  A white imp (D:5)
  A dart slug (D:1)
  12 orcs
  7 endoplasms
  A giant cockroach (D:4)
  2 gnoll zombies (Ossuary)
  10 goblins
  13 hobgoblins
  2 jackals (D:4)
  10 kobolds
  4 quokkas
  7 ball pythons
  3 bats
  2 frilled lizards
  4 goblin zombies (Ossuary)
  2 hobgoblin zombies (Ossuary)
  2 orc zombies (Ossuary)
  7 rats
178 creatures vanquished.

Notes
Turn   | Place    | Note
-------+----------+-------------------------------------------
     0 | D:1      | Inarius the Demonspawn Fighter began the quest for the Orb.
     0 | D:1      | Reached XP level 1. HP: 18/18 MP: 1/1
   152 | D:1      | Gained mutation: You are partially covered in sharp spines.
                  | [demonic ancestry]
   152 | D:1      | Reached XP level 2. HP: 22/24 MP: 2/2
   584 | D:1      | Gained mutation: You are mostly covered in sharp spines.
                  | [demonic ancestry]
   584 | D:1      | Reached XP level 3. HP: 24/29 MP: 3/3
   917 | D:2      | Found Ewkoq's Book Shoppe.
   952 | D:2      | Found a faded altar of an unknown god.
  1027 | D:2      | Noticed Robin
  1038 | D:2      | Reached XP level 4. HP: 20/35 MP: 4/4
  1040 | D:2      | Killed Robin
  1772 | D:3      | Found an ornate altar of the Wu Jian Council.
  1858 | D:3      | Found a sacrificial altar of Ru.
  2019 | D:3      | Reached XP level 5. HP: 41/41 MP: 5/5
  2097 | D:4      | Noticed a black bear
  2104 | D:3      | Killed a black bear
  2317 | D:4      | Discovered your monstrous ancestry.
  2317 | D:4      | Gained mutation: You have a pair of small horns on your
                  | head. [demonic ancestry]
  2317 | D:4      | Reached XP level 6. HP: 31/48 MP: 6/6
  2845 | D:4      | Reached skill level 5 in Axes
  3088 | D:4      | Gained mutation: You have sharp fingernails. [demonic
                  | ancestry]
  3088 | D:4      | Reached XP level 7. HP: 48/54 MP: 7/7
  3425 | D:5      | Entered Level 5 of the Dungeon
  3439 | D:5      | Reached skill level 1 in Unarmed Combat
  3505 | D:5      | Noticed Menkaure
  3608 | D:5      | Killed Menkaure
  3699 | D:5      | Found a sand-covered staircase.
  3816 | Ossuary  | Entered an ossuary
  3933 | Ossuary  | Reached skill level 2 in Unarmed Combat
  3981 | Ossuary  | Gained mutation: You have very sharp fingernails. [demonic
                  | ancestry]
  3981 | Ossuary  | Reached XP level 8. HP: 61/61 MP: 8/8
  4104 | Ossuary  | Reached skill level 3 in Unarmed Combat
  4797 | D:6      | Noticed Edmund
  4805 | D:6      | Killed Edmund
  4806 | D:6      | Reached skill level 4 in Unarmed Combat
  4895 | D:6      | Reached skill level 5 in Unarmed Combat
  5011 | D:6      | Reached skill level 1 in Evocations
  5251 | D:6      | Found a radiant altar of Vehumet.
  5347 | D:6      | Found Myqoxt's Antique Weapon Boutique.
  5464 | D:7      | Noticed a two-headed ogre
  5471 | D:7      | Killed a two-headed ogre
  5472 | D:7      | Reached skill level 7 in Unarmed Combat
  5472 | D:7      | Reached XP level 9. HP: 38/66 MP: 9/9
  5637 | D:7      | Found Zeever's Assorted Antiques.
  5656 | D:7      | Bought a scroll labelled RIGGARGHOMEPT for 21 gold pieces
  5656 | D:7      | Bought a scroll labelled KANKUPN IPTE for 21 gold pieces
  5656 | D:7      | Bought a faintly glowing morningstar for 189 gold pieces
  5656 | D:7      | Identified the +2 morningstar of the Warrior {venom, Str+6}
                  | (You bought it in a shop on level 7 of the Dungeon)
  5921 | D:7      | Reached skill level 5 in Armour
  6087 | D:7      | Found a staircase to the Ecumenical Temple.
  6096 | Temple   | Entered the Ecumenical Temple
  6267 | Temple   | Became a worshipper of Hepliaklqana the Forgotten
  6385 | D:7      | Noticed a two-headed ogre
  6385 | D:7      | Identified the ring of the Solstice {rPois rF+++ Will+
                  | Dex-2 SInv}
  6385 | D:7      | Noticed a deep elf pyromancer
  6386 | D:7      | Noticed a two-headed ogre
  6548 | D:7      | Killed a two-headed ogre
  6549 | D:7      | Reached skill level 8 in Unarmed Combat
  6851 | D:7      | Noticed a troll
  6852 | D:7      | Noticed a two-headed ogre
  6861 | D:6      | Killed a troll
  6862 | D:6      | Reached XP level 10. HP: 64/73 MP: 10/10
  6904 | D:7      | Noticed a seven-headed hydra
  6910 | D:6      | Killed a two-headed ogre
  6911 | D:6      | Reached skill level 5 in Shields
  6911 | D:6      | Reached skill level 9 in Unarmed Combat
  7190 | D:6      | HP: 3/73 [seven-headed hydra (4)]
  7590 | D:6      | Killed a two-headed ogre
  7591 | D:6      | Reached skill level 5 in Fighting
  7774 | D:7      | Noticed a cyclops
  7792 | D:7      | Killed a cyclops
  8057 | D:7      | Found a basalt altar of Yredelemnul.
  8057 | D:7      | Found an iron altar of Okawaru.
  8059 | D:7      | Found a hazy altar of Hepliaklqana.
  8059 | D:7      | Found a shimmering altar of Xom.
  8062 | D:7      | Identified the +8 flail "Arbiter" {speed, Fly Str+2}
  8062 | D:7      | Identified the ring of the Lich-sworn {Fly rElec MP+9 AC+4
                  | Int+5 Dex-2}
  8222 | D:7      | Reached skill level 1 in Invocations
  8230 | D:7      | Reached skill level 10 in Unarmed Combat
  8259 | D:7      | Got the Almanac of Lethal Illusion
  8366 | D:7      | Reached * piety under Hepliaklqana
  8585 | D:7      | HP: 2/65 [fire elemental[a deep elf pyromancer] (13)]
  8586 | D:7      | Mangled by a fire elemental

Illustrated notes

Levels and vault maps discovered:
D:1:      heliophobic_arrival_ceremonial_halls, layout_rooms
D:2:      layout_rooms, serial_shops, shop,
          dreamdust_ecumenical_altar_angels_and_demons, uniq_robin
D:3:      layout_rooms, mainiacjoe_overflow_alcove_4, nicolae_ru_path_of_blood,
          grunt_temple_overflow_open
D:4:      layout_cave_pods, kennysheep_nub
D:5:      layout_rooms, lightli_ossuary_entry_decrepit_ruins, uniq_menkaure
D:6:      layout_cave_pools, amcnicky_altar_gilded, serial_shops,
          kennysheep_mini, uniq_edmund
D:7:      minmay_the_grid_octo_tiled_octocenter
          [minmay_the_grid_octo_tetromino_candy, minmay_the_grid_octo_shrine,
          minmay_the_grid_octo_clover, minmay_the_grid_octo_fan_narrow,
          minmay_the_grid_octo_prize_star, minmay_the_grid_square_5x5_hourglass,
          minmay_the_grid_square_5x5_six_small, minmay_the_grid_square_5x5_c,
          minmay_the_grid_square_5x5_one_wall], layout_gridville,
          minmay_temple_entry_mist, serial_shops, shop
Temple:   nicolae_temple_figure_eight

Skill      XL: |  1  2  3  4  5  6  7  8  9 10 |
---------------+-------------------------------+-----
Axes           | 2 3 4 5 |  5.5
Armour         | 3 4 5 6 |  6.8
Shields        | 3 4 5 |  5.6
Fighting       | 4 5 |  5.3
Unarmed Combat | 2 7 8 10 | 10.2
Evocations     | 2 3 |  3.0
Invocations    | 2 |  2.0
Short Blades   | |  0.1
Long Blades    | |  0.1
Staves         | |  0.1
Slings         | |  0.4
Bows           | |  0.1
Crossbows      | |  0.8
Throwing       | |  0.8
Conjurations   | |  0.1
Hexes          | |  0.1
Summonings     | |  0.2
Necromancy     | |  0.1
Translocations | |  0.1
Transmutations | |  0.1
Fire Magic     | |  0.1
Ice Magic      | |  0.1
Air Magic      | |  0.1
Earth Magic    | |  0.3
Poison Magic   | |  0.2

Action                   |  1- 3 |  4- 6 |  7- 9 | 10-12 || total
-------------------------+-------+-------+-------+-------++-------
Melee: War axe           |    65 |    84 |   121 |       ||   270
       Headbutt          |       |     7 |    40 |    12 ||    59
       Unarmed           |       |       |    67 |    64 ||   131
Evoke: Wand              |       |       |     7 |       ||     7
  Use: Scroll            |       |       |     7 |     2 ||     9
       Potion            |       |       |     2 |     3 ||     5
Armor: Scale mail        |    31 |       |       |       ||    31
       Plate armour      |       |    41 |   104 |    61 ||   206
Dodge: Dodged            |    38 |    18 |    27 |    10 ||    93
Block: Buckler           |     8 |       |       |       ||     8
       Kite shield       |     7 |    44 |    89 |    40 ||   180

Table legend: (Time is in decaauts)
 A = Elapsed time spent in this place.
 B = Non-inter-level travel time spent in this place.
 C = Inter-level travel time spent in this place.
 D = Time resting spent in this place.
 E = Time spent auto-exploring this place.
 F = Levels seen in this place.
 G = Mean time per level.
                   A        B        C        D        E       F      G
               +--------+--------+--------+--------+--------+-----+--------+
         Total |   8703 |   8375 |    328 |   2485 |   3872 |   9 |  967.0 |
       Dungeon |   8057 |   7755 |    302 |   2303 |   3665 |   7 | 1151.0 |
        Temple |    197 |    171 |     26 |      0 |    166 |   1 |  197.0 |
       Ossuary |    448 |    448 |      0 |    182 |     41 |   1 |  448.0 |
               +--------+--------+--------+--------+--------+-----+--------+

Top non-repeatable levels by time:
     D:6: 1818 daAuts
     D:7: 1529 daAuts
     D:4: 1224 daAuts
     D:5: 1129 daAuts
     D:3: 823 daAuts
     D:2: 793 daAuts
     D:1: 737 daAuts
 Ossuary: 448 daAuts
  Temple: 197 daAuts
